Map: Jagannatha LE

Players

Neeb - Winner!

  • Race: Protoss Protoss

Nina

  • Race: Protoss Protoss

Event: DreamHack SC2 Masters 2021 Fall

VOD

Have the link to the VOD?

Description

Time

  • Played on: Aug. 8, 2021, 4:13 p.m.
  • Length: 7:54

All games in this series

Show
View Real Time Build Order
Export as new Build Order

Neeb Protoss - Winner!

Build Orders: Phoenix Opening, Blink Stalkers 

Get SALT Encoding   

  12  0:00  Probe  
  13  0:12  Probe  
  14  0:17  Pylon  
  14  0:24  Probe (Chrono Boost)  
  15  0:37  Gateway, Probe (Chrono Boost)  
  16  0:45  Probe (Chrono Boost)  
  16  0:47  Assimilator  
  17  0:51  Probe  
  17  0:55  Assimilator  
  18  1:03  Probe (Chrono Boost)  
  19  1:10  Gateway  
  19  1:14  Probe (Chrono Boost)  
  20  1:18  Probe (Chrono Boost)  
  21  1:26  Cybernetics Core  
  21  1:31  Probe  
  21  1:41  Pylon  
  21  1:43  Probe  
  22  1:55  Probe  
  23  2:03  Stalker x2  
  23  2:04  Warp Gate  
  27  2:12  Pylon  
  27  2:15  Probe  
  28  2:29  Probe  
  29  2:33  Sentry x2  
  33  2:51  Nexus  
  33  2:54  Probe  
  34  3:02  Shield Battery  
  34  3:04  Sentry  
  36  3:06  Probe  
  36  3:11  Phoenix  
  39  3:13  Sentry  
  39  3:19  Pylon  
  39  3:27  Twilight Council  
  39  3:37  Probe (Chrono Boost)  
  40  3:47  Probe (Chrono Boost)  
  41  3:52  Probe (Chrono Boost)  
  41  3:53  Stalker x2  
  46  3:59  Blink (Chrono Boost)  
  46  4:04  Probe (Chrono Boost)  
  46  4:05  Probe (Chrono Boost)  
  48  4:14  Probe (Chrono Boost)  
  48  4:15  Probe (Chrono Boost)  
  50  4:17  Adept  
  50  4:18  Adept  
  50  4:20  Probe (Chrono Boost)  
  50  4:21  Probe  
  56  4:31  Probe  
  55  4:37  Probe  
  54  4:43  Probe  
  53  4:49  Forge, Probe  
  54  4:55  Probe  
  51  5:01  Assimilator, Probe  
  51  5:02  Pylon, Phoenix  
  51  5:03  Robotics Facility  
  51  5:05  Stalker x2  
  56  5:15  Pylon  
  56  5:18  Protoss Ground Weapons Level 1 (Chrono Boost), Nexus  
  56  5:22  Pylon  
  56  5:29  Stalker  
  56  5:32  Stalker  
  56  5:34  Probe  
  62  5:35  Probe  
  62  5:46  Probe  
  62  5:47  Probe  
  64  5:56  Stalker x2  
  68  5:58  Observer (Chrono Boost), Probe  
  68  6:00  Gateway  
  68  6:01  Probe  
  68  6:03  Gateway  
  71  6:06  Shield Battery  
  71  6:10  Probe  
  72  6:16  Immortal (Chrono Boost)  
  77  6:23  Stalker  
  78  6:26  Pylon x2  
  78  6:31  Dark Shrine  
  78  6:35  Shield Battery  
  78  6:37  Stalker  
  80  6:45  Probe  
  80  6:46  Probe  
  80  6:52  Probe  
  81  6:54  Stalker  
  81  6:55  Observer  
  81  6:57  Assimilator, Probe  
  81  6:58  Probe  
  81  7:00  Stalker x2  
  89  7:04  Probe  
  89  7:07  Gateway  
  90  7:08  Gateway  
  90  7:09  Probe  
  90  7:10  Probe  
  90  7:19  Probe  
  90  7:21  Probe  
  90  7:22  Stalker  
  91  7:30  Probe  
  91  7:32  Probe  
  91  7:35  Gateway  
  91  7:39  Observer (Chrono Boost)  
  91  7:40  Gateway  
  91  7:46  Stalker x3  
Show
View Real Time Build Order
Export as new Build Order

Nina Protoss 

Build Orders: Phoenix Opening 

Get SALT Encoding   

  12  0:00  Probe  
  13  0:12  Probe  
  14  0:17  Pylon  
  14  0:25  Probe (Chrono Boost)  
  15  0:37  Probe (Chrono Boost)  
  15  0:38  Gateway  
  16  0:45  Probe (Chrono Boost)  
  17  0:51  Probe  
  17  0:54  Assimilator  
  18  0:58  Assimilator  
  18  1:03  Probe (Chrono Boost)  
  19  1:10  Gateway  
  19  1:13  Probe (Chrono Boost)  
  19  1:18  Probe  
  21  1:27  Cybernetics Core  
  21  1:30  Probe  
  22  1:42  Probe  
  22  1:43  Pylon  
  23  2:01  Probe  
  24  2:10  Nexus  
  24  2:13  Probe  
  24  2:15  Warp Gate  
  25  2:23  Stalker  
  25  2:27  Probe  
  30  2:30  Sentry  
  30  2:37  Pylon  
  30  2:40  Probe  
  31  2:54  Probe  
  31  2:55  Stalker  
  31  2:57  Stalker  
  35  3:06  Probe  
  35  3:07  Phoenix  
  35  3:09  Shield Battery  
  36  3:18  Probe  
  37  3:21  Pylon  
  37  3:23  Probe (Chrono Boost)  
  38  3:31  Probe (Chrono Boost)  
  40  3:36  Probe (Chrono Boost)  
  40  3:37  Twilight Council  
  40  3:40  Probe (Chrono Boost)  
  41  3:41  Probe (Chrono Boost)  
  41  3:45  Probe  
  43  3:49  Forge  
  43  3:51  Probe (Chrono Boost)  
  46  4:03  Stalker, Probe (Chrono Boost)  
  46  4:04  Stalker, Probe (Chrono Boost)  
  46  4:09  Shield Battery  
  50  4:10  Probe (Chrono Boost)  
  50  4:11  Probe (Chrono Boost)  
  50  4:12  Blink (Chrono Boost)  
  53  4:25  Photon Cannon  
  53  4:29  Stalker  
  52  4:33  Stalker  
  46  4:45  Probe  
  44  4:48  Probe  
  42  4:57  Probe  
  43  5:00  Probe  
  43  5:02  Stalker  
  46  5:07  Stalker  
  46  5:10  Probe  
  46  5:12  Probe  
  50  5:20  Gateway  
  50  5:24  Probe  
  50  5:28  Gateway  
  51  5:30  Probe  
  51  5:32  Sentry  
  54  5:37  Stalker  
  54  5:39  Probe  
  57  5:43  Pylon  
  57  5:45  Probe  
  58  5:51  Probe  
  58  5:56  Stalker  
  61  5:57  Probe  
  61  6:03  Stalker  
  64  6:04  Dark Shrine  
  64  6:05  Probe  
  66  6:17  Probe  
  66  6:18  Assimilator, Pylon, Stalker  
  68  6:21  Stalker  
  70  6:36  Probe x2  
  70  6:48  Probe  
  70  6:51  Probe  
  70  6:52  Nexus  
  70  6:55  Stalker  
  70  6:56  Assimilator, Stalker  
  75  7:05  Pylon  
  75  7:06  Pylon  
  74  7:12  Probe x2  
  72  7:17  Dark Templar x2  
  70  7:24  Probe  
  70  7:28  Probe  
  70  7:31  Dark Templar  
  72  7:38  Gateway, Probe  
  72  7:41  Gateway x2  
  72  7:42  Probe  

Tags
 
Add a new tag
Caveats
  • Supply blocks, unpowered buildings, or Contaminate may cause inaccurate times.
  • Supply counts are checked every 10 seconds.